 Dungeon Crawl Stone Soup version 0.32-a0-540-g866d13106e (webtiles) character file.

Game seed: 8697542239492202115

16 lunkers the Sneak (level 2, 0/22 HPs)
             Began as a Coglin Brigand on Feb 28, 2024.
             Slain by a hobgoblin (4 damage)
             ... on level 1 of the Dungeon.
             The game lasted 00:00:24 (221 turns).

lunkers the Sneak (Coglin Brigand)                   Turns: 221, Time: 00:00:25

Health: 0/22       AC:  3    Str: 11    XL:     2   Next: 58%
Magic:  2/2        EV: 11    Int: 10    God:
Gold:   45         SH:  0    Dex: 15    Spells: 1/1 levels left

rFire   . . .        a - +2 dagger {Francisca}
rCold   . . .        (no shield)
rNeg    . . .        b - +0 robe
rPois   .            (no helmet)
rElec   .            c - +0 cloak
rCorr   .            (no gloves)
SInv    .            (no boots)
Will    .....        (no amulet)
Stlth   ++           (ring unavailable)
HPRegen 0.23/turn    (ring unavailable)
MPRegen 0.08/turn

%: no passive effects
@: revved
A: off-hand wielding, slow wielding, warmup strikes, no rings
a: no special abilities


You were on level 1 of the Dungeon.
You visited 1 branch of the dungeon, and saw 1 of its levels.

You collected 45 gold pieces.

Inventory:

Hand Weapons
 a - a +2 dagger (weapon) {Francisca}
Missiles
 d - 9 poisoned darts
 e - 3 curare-tipped darts
Armour
 b - a +0 robe (worn)
 c - a +0 cloak (worn)


   Skills:
 - Level 2.0 Fighting
 + Level 2.8 Short Blades
 - Level 1.7 Throwing
 - Level 0.8 Dodging
 - Level 3.2 Stealth


You had one spell level left.
You didn't know any spells.
Your spell library was empty.

Dungeon Overview and Level Annotations

Branches:
Dungeon (1/15)

Altars:


Innate Abilities, Weirdness & Mutations

You can wield a second weapon in your off-hand.
It takes a long time for you to wield or remove held weapons.
Your first few attacks do less damage.
Your grasper-arms cannot wear rings.


Message History

You hit the jackal.
You kill the jackal!
The jackal bites you but does no damage.
You hit the jackal.
The jackal is heavily wounded.
The jackal barely misses you.
Unknown command.
You hit the jackal.
The jackal is severely wounded.
Unknown command.
You completely miss the jackal.
The jackal is severely wounded.
The jackal bites you but does no damage.
The frilled lizard hisses.
Unknown command.
You hit the jackal.
You kill the jackal!
The jackal bites you.
* * * LOW HITPOINT WARNING * * *
The jackal bites you but does no damage.
Unknown command.
You hit the jackal.
The jackal is heavily wounded.
The jackal barely misses you.
Unknown command.
Unknown command.
You hit the jackal.
You kill the jackal!
Unknown command.
Unknown command.
You barely miss the hobgoblin. The hobgoblin hits you.
* * * LOW HITPOINT WARNING * * *
You closely miss the hobgoblin. The hobgoblin hits you.
* * * LOW HITPOINT WARNING * * *
You hit the hobgoblin.
The hobgoblin is moderately wounded.
You hit the hobgoblin.
The hobgoblin is severely wounded.
The hobgoblin hits you.
You die...

#..####.# #.#. ..
#..##...####.#.
#.########..##.####.....
.........[...#..........
#...######...######.#.#.
.....# #...# #.#.#.
#...####...# #.#.#.
#...##...# #.....
#@##...# #.#.#. #†gl...#
...... ###[...# ###.#.
.......†......#
#..........####
#.#######.... ......
...... ......


You could see a hobgoblin and a frilled lizard.

Vanquished Creatures
  2 bats (D:1)
  A goblin (D:1)
  2 hobgoblins (D:1)
  7 jackals (D:1)
12 creatures vanquished.

Notes
Turn   | Place    | Note
-------+----------+-------------------------------------------
     0 | D:1      | lunkers the Coglin Brigand began the quest for the Orb.
     0 | D:1      | Reached XP level 1. HP: 16/16 MP: 1/1
    95 | D:1      | Reached XP level 2. HP: 20/22 MP: 2/2
   221 | D:1      | Slain by a hobgoblin

Illustrated notes

Levels and vault maps discovered:
D:1:      psy_arrival_dodecagon, layout_basic, nrook_mini_backslash

Skill      XL: |  1 |
---------------+----+-----
Short Blades   | 2 |  2.8
Fighting       | |  2.0
Throwing       | |  1.7
Dodging        | |  0.8
Stealth        | |  3.2

Action                     || total
---------------------------++-------
  Melee: Dagger            ||    47
   Stab: Sleeping          ||     1
 Armour: Robe              ||    48
  Dodge: Dodged            ||    43

Table legend: (Time is in decaauts)
 A = Elapsed time spent in this place.
 B = Non-inter-level travel time spent in this place.
 C = Inter-level travel time spent in this place.
 D = Time resting spent in this place.
 E = Time spent auto-exploring this place.
 F = Levels seen in this place.
 G = Mean time per level.
                   A        B        C        D        E       F      G
               +--------+--------+--------+--------+--------+-----+--------+
         Total |    215 |    215 |      0 |      0 |    155 |   1 |  215.0 |
       Dungeon |    215 |    215 |      0 |      0 |    155 |   1 |  215.0 |
               +--------+--------+--------+--------+--------+-----+--------+

Top non-repeatable levels by time:
     D:1: 215 daAuts
